 Dungeon Crawl Stone Soup version 0.23.1 (webtiles) character file.

Game seed: 17309571750413390446

3443 Hasart the Grappler (level 10, -10/69 HPs)
             Began as an Octopode Fighter on Mar 7, 2019.
             Was a Believer of Makhleb.
             Mangled by a two-headed ogre
             ... wielding a +0 giant spiked club
              (30 damage)
             ... on level 8 of the Dungeon.
             The game lasted 00:15:28 (6979 turns).

Hasart the Grappler (Octopode Fighter)              Turns: 6979, Time: 00:15:29

Health: -10/69     AC:  1    Str: 16    XL:     10   Next: 5%
Magic:  0/12       EV: 19    Int: 11    God:    Makhleb [**....]
Gold:   391        SH: 11    Dex: 18    Spells: 9/9 levels left

rFire    . . .     SeeInvis .     - Unarmed
rCold    . . .     Gourm    .   a - +0 shield
rNeg     + . .     Faith    .   (helmet restricted)
rPois    +         Spirit   +   i - amulet of guardian spirit
rElec    .         Reflect  .   g - ring of poison resistance
rCorr    .         Harm     .   q - +3 ring of evasion
MR       .....                  j - +4 ring of dexterity
Stlth    +++.......             A - ring of positive energy
HPRegen  0.21/turn              (no ring)
MPRegen  0.13/turn              (no ring)
                                (no ring)
                                (no ring)

@: no status effects
A: almost no armour, stealthy swim, amphibious, 8 rings, constrict 8, camouflage
1, gelatinous body 1
a: Minor Destruction, Renounce Religion


You were on level 8 of the Dungeon.
You worshipped Makhleb.
Makhleb was pleased with you.
You were not hungry.

You visited 2 branches of the dungeon, and saw 9 of its levels.

You collected 391 gold pieces.

Inventory:

Armour
 a - a +0 shield (worn)
Jewellery
 g - a ring of poison resistance (left tentacle)
 i - an amulet of guardian spirit (around mantle)
 j - a +4 ring of dexterity (on tentacle)
 q - a +3 ring of evasion (right tentacle)
 A - a ring of positive energy (on tentacle)
Wands
 x - a wand of enslavement (9)
 y - a wand of paralysis (9)
 E - a wand of disintegration (13)
Scrolls
 d - a scroll of magic mapping {unknown}
 f - a scroll of amnesia {unknown}
 h - 4 scrolls of teleportation {unknown}
 k - 4 scrolls of remove curse {unknown}
 m - 7 scrolls of identify {unknown}
 n - 2 scrolls of enchant armour {unknown}
 p - 2 scrolls of fear {unknown}
 r - 5 scrolls of immolation {unknown}
 t - a scroll of enchant weapon {unknown}
 v - 2 scrolls of fog {unknown}
 w - a scroll of blinking {unknown}
 H - a scroll of noise {unknown}
Potions
 b - 2 potions of might
 e - 2 potions of curing {unknown}
 l - a potion of resistance {unknown}
 o - 3 potions of flight {unknown}
 s - a potion of agility {unknown}
 u - 2 potions of brilliance {unknown}
 z - 2 potions of degeneration {unknown}
 B - a potion of mutation {unknown}
 C - a potion of haste {unknown}
 D - a potion of magic {unknown}
 F - 3 potions of lignification {unknown}
Comestibles
 c - 17 rations
 G - 6 chunks of flesh


   Skills:
 + Level 6.6 Fighting
 + Level 6.7 Dodging
 + Level 6.7 Shields
 * Level 8.7 Unarmed Combat
 + Level 2.7 Invocations
 + Level 2.8 Evocations


You had 9 spell levels left.
You didn't know any spells.
Your spell library contained the following spells:

 Spells                   Type           Power        Failure   Level  Hunger
 Magic Dart               Conj           #...         71%         1    ##.....
 Searing Ray              Conj           #.....       83%         2    ###....
 Dazzling Spray           Conj/Hex       #.....       97%         3    ####...
 Force Lance              Conj/Tloc      #.......     100%        4    #####..
 Fulminant Prism          Conj/Hex       #.........   100%        4    #####..
 Iskenderun's Mystic Bla  Conj           #.......     100%        4    #####..


Dungeon Overview and Level Annotations

Branches:
Dungeon (8/15)             Temple (1/1) D:5
   Lair: D:8-11

Altars:
Ashenzari
Cheibriados
Dithmenos
Elyvilon
Fedhas
Gozag
Hepliaklqana
Kikubaaqudgha
Makhleb
Nemelex Xobeh
Okawaru
Qazlal
Ru
Sif Muna
Trog
Uskayaw
Vehumet
Wu Jian
Xom
Yredelemnul
Zin
The Shining One

Shops:
D:2 *

Annotations:
D:7 2 transporters, 1 runed translucent door, Hasart's ghost, novice DEEE


Innate Abilities, Weirdness & Mutations

You cannot wear most types of armour.
You are very stealthy in the water. (Stealth+)
You are amphibious.
You can wear up to eight rings at the same time.
You can use your tentacles to constrict eight enemies at once.
Your skin changes colour to match your surroundings (Stealth+).
Your rubbery body absorbs attacks. (AC +1, EV +1)


Message History

You tentacle-slap the two-headed ogre.
The two-headed ogre is lightly wounded.
The two-headed ogre closely misses you. The two-headed ogre barely misses you.
You bludgeon the two-headed ogre!
The two-headed ogre is moderately wounded.
You block the two-headed ogre's attack.
The two-headed ogre hits you with a +0 dire flail!
You tentacle-slap the two-headed ogre.
You squeeze the two-headed ogre, but do no damage.
The two-headed ogre is moderately wounded.
The two-headed ogre hits you with a +0 giant spiked club!!
The two-headed ogre hits you with a +0 dire flail!!
* * * LOW HITPOINT WARNING * * *
You bludgeon the two-headed ogre!
Your squeeze misses the two-headed ogre.
The two-headed ogre is heavily wounded.
You tentacle-slap the two-headed ogre.
The two-headed ogre is heavily wounded.
The two-headed ogre hits you with a +0 giant spiked club!!
You die...

#....(.....#
########.########.#
..<......# #.#
########.# #####.####
##.####.........
#...........####
#....##.##..##
#.#####..#.##. #...#
##..O@...#.#.. #÷.#.#
##..####..#.#.###.###.#
#... #....... .## #.
#..# #..#.#.###.# # #.
>.. #........... #.
#.##..........# #...
#...###.#.##
#..#####....†...#
###....#...###.#..#####


You could see a two-headed ogre.

Vanquished Creatures
  Sigmund (D:3)
  Edmund (D:6)
  2 sky beasts
  2 ice beasts
  An orc warrior (D:6)
  A phantom (D:4)
  7 ogres
  A necrophage (D:8)
  A centaur (D:8)
  A big kobold (D:8)
  2 bullfrogs (D:5)
  A gnoll sergeant (D:5)
  3 wights (D:6)
  A howler monkey (D:5)
  7 crimson imps
  A centaur zombie (D:6)
  2 bullfrog zombies
  A quasit (D:7)
  6 hounds
  4 orc priests
  8 orc wizards
  2 bullfrog skeletons
  An iguana (D:8)
  6 worker ants
  2 hound skeletons
  4 adders
  10 gnolls
  A shadow imp (D:4)
  2 adder skeletons
  2 worms (D:4)
  A dart slug (D:4)
  5 leopard geckos
  19 orcs
  A ball python (D:3)
  13 giant cockroaches
  12 goblins
  12 hobgoblins
  19 jackals
  6 quokkas
  9 bats
  3 frilled lizards
  A jackal skeleton (D:4)
  3 jackal zombies
  11 kobolds
  A quokka skeleton (D:8)
  5 rats
205 creatures vanquished.

Notes
Turn   | Place    | Note
-------+----------+-------------------------------------------
     0 | D:1      | Hasart the Octopode Fighter began the quest for the Orb.
     0 | D:1      | Reached XP level 1. HP: 16/16 MP: 1/1
   173 | D:1      | Reached XP level 2. HP: 16/21 MP: 2/2
   622 | D:1      | Reached XP level 3. HP: 12/26 MP: 1/3
  1435 | D:2      | Reached skill level 3 in Unarmed Combat
  1442 | D:2      | Found a glowing silver altar of Zin.
  1443 | D:2      | Found Zin's Purification Station.
  1516 | D:2      | Reached XP level 4. HP: 31/31 MP: 4/4
  1948 | D:3      | Noticed Sigmund
  1954 | D:3      | Killed Sigmund
  1954 | D:3      | Reached skill level 4 in Unarmed Combat
  1954 | D:3      | Reached XP level 5. HP: 33/37 MP: 3/5
  1954 | D:3      | Reached XP level 6. HP: 38/43 MP: 3/6
  2625 | D:4      | Reached XP level 7. HP: 44/48 MP: 7/7
  2704 | D:4      | Reached skill level 5 in Unarmed Combat
  2846 | D:4      | Found a shadowy altar of Dithmenos.
  2880 | D:4      | Found an iron altar of Okawaru.
  3311 | D:5      | Entered Level 5 of the Dungeon
  3317 | D:5      | Reached XP level 8. HP: 54/54 MP: 8/8
  3326 | D:5      | Reached skill level 5 in Dodging
  3326 | D:5      | Reached skill level 6 in Unarmed Combat
  3386 | D:5      | Reached skill level 5 in Shields
  3394 | D:5      | Reached skill level 5 in Fighting
  3497 | D:5      | Identified the +5 mace of Wyrd {venom, SInv Stlth+}
  4044 | D:5      | Reached skill level 7 in Unarmed Combat
  4131 | D:5      | Found a staircase to the Ecumenical Temple.
  4140 | Temple   | Entered the Ecumenical Temple
  4238 | Temple   | Became a worshipper of Makhleb the Destroyer
  4838 | D:5      | Found a shimmering altar of Xom.
  4893 | D:6      | Reached XP level 9. HP: 56/62 MP: 7/9
  4960 | D:6      | Found a shattered altar of Ashenzari.
  5143 | D:6      | Reached * piety under Makhleb
  5273 | D:6      | Found an opulent altar of Gozag.
  5362 | D:6      | Found a white marble altar of Elyvilon.
  5364 | D:6      | Noticed Edmund
  5373 | D:6      | Killed Edmund
  5507 | D:7      | Reached skill level 1 in Evocations
  5551 | D:7      | Reached skill level 1 in Invocations
  5557 | D:6      | Reached skill level 8 in Unarmed Combat
  6175 | D:7      | Reached ** piety under Makhleb
  6250 | D:7      | Noticed a hornet
  6257 | D:7      | Found a transporter.
  6261 | D:7      | Found a transporter.
  6263 | D:7      | Noticed Hasart's ghost (novice DEEE)
  6340 | D:7      | Noticed an angel
  6341 | D:7      | Found a glowing golden altar of the Shining One.
  6341 | D:7      | Found a runed translucent door.
  6735 | D:8      | Reached XP level 10. HP: 47/69 MP: 8/11
  6971 | D:8      | Noticed a two-headed ogre
  6979 | D:8      | Mangled by a two-headed ogre

Skill      XL: |  1  2  3  4  5  6  7  8  9 |
---------------+----------------------------+-----
Unarmed Combat | 3 4 5 7 8 |  8.7
Dodging        | 4 5 6 |  6.7
Fighting       | 4 5 6 |  6.6
Shields        | 4 5 6 |  6.7
Evocations     | 2 |  2.8
Invocations    | 2 |  2.7

Action                   |  1- 3 |  4- 6 |  7- 9 | 10-12 || total
-------------------------+-------+-------+-------+-------++-------
Melee: Unarmed           |   102 |    79 |   336 |    17 ||   534
       Tentacles         |    24 |    19 |    86 |     4 ||   133
       Constrict         |    34 |    24 |    87 |     2 ||   147
       Punch             |     4 |       |    27 |       ||    31
 Stab: Sleeping          |     6 |     9 |    14 |     1 ||    30
       Distracted        |       |       |       |     1 ||     1
  Eat: Chunk             |     2 |     3 |    14 |     1 ||    20
Armor: Skin              |     9 |     2 |     4 |       ||    15
Dodge: Dodged            |    53 |    21 |   176 |     5 ||   255
Block: Shield            |    32 |    33 |   149 |     7 ||   221
